 Dungeon Crawl Stone Soup version 0.24.0-13-gcf9b3192b9 (webtiles) character file.

Game seed: 16458904020432772183, levelgen mode: deterministic

85 Esekla the Conjurer (level 4, -1/34 HPs)
             Began as a Barachi Conjurer on Nov 10, 2019.
             Was an Initiate of Qazlal.
             Slain by Grinder (6 damage)
             ... while paralysed by Grinder
             ... on level 3 of the Dungeon.
             The game lasted 00:25:54 (2466 turns).

Esekla the Conjurer (Barachi Conjurer)              Turns: 2466, Time: 00:25:55

Health: -1/34      AC:  3    Str:  9    XL:     4   Next: 48%
Magic:  9/17       EV:  2    Int: 17    God:    Qazlal [......]
Gold:   78         SH:  0    Dex: 12    Spells: 3/9 levels left

rFire    . . .     SeeInvis .   p - +0 dagger
rCold    . . .     Gourm    .   (no shield)
rNeg     . . .     Faith    .   a - +0 robe
rPois    .         Spirit   .   (no helmet)
rElec    .         Reflect  .   r - +0 cloak
rCorr    .         Harm     .   (no gloves)
MR       .....                  (no boots)
Stlth    ++........             (no amulet)
HPRegen  0.11/turn              n - ring of magical power
MPRegen  0.15/turn              d - -3 ring of evasion (curse)

@: paralysed, very slightly contaminated, slow
A: +LOS, swims, slowness 1, strong legs 1
a: Hop, Renounce Religion


You were on level 3 of the Dungeon.
You worshipped Qazlal.
Qazlal was noncommittal.
You were very hungry.

You visited 1 branch of the dungeon, and saw 3 of its levels.

You collected 78 gold pieces.

Inventory:

Hand Weapons
 p - a +0 dagger (weapon)
Missiles
 g - 3 boomerangs of dispersal
 j - 9 poisoned darts (quivered)
 m - 3 atropa-tipped darts
Armour
 a - a +0 robe (worn)
 r - a +0 cloak (worn)
Jewellery
 b - an uncursed ring of positive energy
 d - a cursed -3 ring of evasion (right hand)
 f - an uncursed ring of magical power
 n - a ring of magical power (left hand)
Scrolls
 e - a scroll of noise {unknown}
 i - a scroll of identify
 o - a scroll of immolation {unknown}
 q - 4 scrolls of remove curse {unknown}
 s - a scroll of blinking {unknown}
 t - a scroll of enchant armour {unknown}
Potions
 h - 2 potions of brilliance {unknown}
 k - a potion of might {unknown}
 l - 2 potions of curing {unknown}
Comestibles
 c - 2 rations


   Skills:
 * Level 2.3 Fighting
 + Level 2.5 Dodging
 + Level 2.2 Stealth
 * Level 3.1 Spellcasting
 + Level 4.6 Conjurations
 * Level 1.0 Hexes


You had 3 spell levels left.
You knew the following spells:

 Your Spells              Type           Power        Failure   Level  Hunger
a - Magic Dart            Conj           ###.         2%          1    None
d - Dazzling Spray        Conj/Hex       ##....       16%         3    ###....
e - Searing Ray           Conj           ###...       3%          2    ##.....

Your spell library contained the following spells:

 Spells                   Type           Power        Failure   Level  Hunger
 Iskenderun's Mystic Bla  Conj           ###.....     26%         4    ####...
 Fulminant Prism          Conj/Hex       ##........   47%         4    ####...
 Force Lance              Conj/Tloc      ##......     54%         4    ####...


Dungeon Overview and Level Annotations

Branches:
Dungeon (3/15)

Altars:
Kikubaaqudgha
Qazlal

Annotations:
D:3 Grinder


Innate Abilities, Weirdness & Mutations

Shadows flee at your approach. (+LOS)
You can swim through water.
You cover ground slowly.
You can hop short distances.


Message History

Grinder is lightly wounded.
Grinder hits you.
Casting: Dazzling Spray (safe; 16% risk of failure)
Confirm with . or Enter, or press ? or * to list all spells.
Aiming: Dazzling Spray (safe; 16% risk of failure)
Press: ? - help, Shift-Dir - straight line, f/p - Grinder
Aim: Grinder (lightly wounded)
The spray of energy hits Grinder!
Grinder is moderately wounded.
Grinder is dazzled.
Grinder gestures at you.
You suddenly lose the ability to move!
Grinder gestures at you. You resist with significant effort. Grinder hits you!
You writhe in agony.
Grinder says, "There's only one good use for a tongue: cutting it out."
Grinder hits you!
* * * LOW HITPOINT WARNING * * *
You writhe in agony.
You die...

############
#########..........#
........#..........####
........#.........$...#
........'.......@.....#
........#.......5.....#
........#.............#
..#
######........#.###...#
..# ..............#.#
...# ..##
......>.......+.. ....
... ..............#.##
.##. #..
..............#.# ###
## #.#
..............#.# .....
#.#


You could see Grinder (blind).

Vanquished Creatures
  3 adders
  2 oozes (D:2)
  4 leopard geckos
  4 giant cockroaches
  5 goblins
  6 hobgoblins
  5 kobolds (D:1)
  2 ball pythons
  4 bats (D:1)
  4 frilled lizards
  5 rats
44 creatures vanquished.

Notes
Turn   | Place    | Note
-------+----------+-------------------------------------------
     0 | D:1      | Esekla the Barachi Conjurer began the quest for the Orb.
     0 | D:1      | Reached XP level 1. HP: 13/13 MP: 3/3
   323 | D:1      | Reached skill level 1 in Fighting
   682 | D:1      | Reached XP level 2. HP: 21/21 MP: 5/5
   693 | D:1      | Learned a level 2 spell: Searing Ray
   932 | D:2      | Found an ancient bone altar of Kikubaaqudgha.
  1034 | D:2      | Reached XP level 3. HP: 27/27 MP: 7/7
  1082 | D:1      | Learned a level 3 spell: Dazzling Spray
  1623 | D:2      | Found a stormy altar of Qazlal.
  1882 | D:2      | Reached XP level 4. HP: 33/33 MP: 8/8
  1992 | D:2      | Reached skill level 1 in Hexes
  2292 | D:2      | Became a worshipper of Qazlal Stormbringer
  2458 | D:3      | Noticed Grinder
  2463 | D:3      | Paralysed by Grinder for 6 turns
  2466 | D:3      | Slain by Grinder

Levels and vault maps discovered:
D:1:      nagdon_arrival_zigzag_paths, layout_loops_corners,
          minmay_misc_feat_secret_circle, corexii_corridor_pit
D:2:      layout_loops_corners, kiku_gazebo_garden_becter,
          overflow_temple_1_default, first_ration, item_on_display_a
D:3:      layout_basic, ashenzari_altar_1, uniq_grinder

Skill      XL: |  1  2  3  4 |
---------------+-------------+-----
Fighting       | 1 2 |  2.3
Stealth        | 2 |  2.2
Spellcasting   | 3 |  3.1
Hexes          | 1 |  1.0
Dodging        | |  2.5
Conjurations   | |  4.6

Action                   |  1- 3 |  4- 6 || total
-------------------------+-------+-------++-------
Melee: Club              |     8 |       ||     8
       Dagger            |     1 |       ||     1
 Cast: Magic Dart        |    35 |     2 ||    37
       Searing Ray       |    13 |     4 ||    17
       Dazzling Spray    |       |     2 ||     2
 Abil: Hop               |     1 |       ||     1
  Use: Scroll            |     2 |       ||     2
 Stab: Sleeping          |     1 |       ||     1
  Eat: Chunk             |     4 |     2 ||     6
Armor: Robe              |     1 |     1 ||     2
Dodge: Dodged            |    16 |       ||    16
